 Dungeon Crawl Stone Soup version 0.28-a0-1087-gf3fc490d9d (webtiles) character file.

Game seed: 6374761086266833827

81 bande the Shield-Bearer (level 4, 0/29 HPs)
             Began as a Gargoyle Fighter on Dec 11, 2021.
             Slain by a black bear (2 damage)
             ... on level 3 of the Dungeon.
             The game lasted 00:03:15 (2300 turns).

bande the Shield-Bearer (Gargoyle Fighter)          Turns: 2300, Time: 00:03:16

Health: 0/29       AC: 11    Str: 19    XL:     4   Next: 40%
Magic:  4/4        EV:  9    Int:  9    God:
Gold:   130        SH:  4    Dex: 11    Spells: 2/3 levels left

rFire   . . .      SeeInvis .   a - +0 war axe
rCold   . . .      Faith    .   c - +0 buckler
rNeg    + . .      Spirit   .   g - +0 scale mail {Will+}
rPois   ∞          Reflect  .   (no helmet)
rElec   +          Harm     .   (no cloak)
rCorr   .          Rampage  .   h - +0 pair of gloves
Will    +....                   (no boots)
Stlth   ..........              (no amulet)
HPRegen 0.09/turn               (no ring)
MPRegen 0.09/turn               (no ring)

@: no status effects
A: sickness immunity, AC +3, negative energy resistance 1, electricity
resistance, torment resistance 1, petrification resistance
a: no special abilities


You were on level 3 of the Dungeon.
You visited 1 branch of the dungeon, and saw 3 of its levels.

You collected 130 gold pieces.

Inventory:

Hand Weapons
 a - a +0 war axe (weapon)
Armour
 c - a +0 buckler (worn)
 g - a +0 scale mail of willpower (worn)
 h - a +0 pair of gloves (worn)
Scrolls
 e - 2 scrolls of fear
 f - a scroll of vulnerability
 j - a scroll of brand weapon {unknown}
Potions
 b - a potion of haste
 d - a potion of might
 i - 2 potions of heal wounds {unknown}


   Skills:
 + Level 3.7 Fighting
 + Level 2.7 Axes
 + Level 3.6 Armour
 + Level 3.8 Shields
 * Level 1.3 Translocations


You had 2 spell levels left.
You knew the following spells:

 Your Spells              Type           Power      Damage    Failure   Level
a - Apportation           Tloc           4%         N/A       58%         1

Your spell library contained the following spells:

 Spells                   Type           Power      Damage    Failure   Level
 Alistair's Intoxication  Tmut/Pois      0%         N/A       100%        5


Dungeon Overview and Level Annotations

Branches:
Dungeon (3/15)

Altars:
Cheibriados

Shops:
D:2 (


Innate Abilities, Weirdness & Mutations

You are immune to sickness and miasma.
Your stone body is resilient. (AC +3)
You are immune to poison.
You resist negative energy. (rN+)
You are resistant to electric shocks. (rElec)
You are resistant to unholy torment.
You are immune to petrification.


Message History

The bat barely misses you.
You hit the bat.
You kill the bat!
No target in view!
No target in view!
No target in view!
No target in view!
No target in view!
You see here a bat corpse.
Found an escape hatch in the floor.
There is an escape hatch in the floor here.
j - a scroll labelled HOUK CORUKHASY No target in view!
No target in view!
No target in view!
A black bear comes into view.
The black bear growls angrily.
A black bear is nearby!
You slash the black bear!
The black bear is heavily wounded.
The black bear closely misses you. x2
The black bear claws you but does no damage.
You block the black bear's attack. x2; The black bear closely misses you.
You slash the black bear!
The black bear is severely wounded.
The black bear goes berserk!
You hit the black bear but do no damage.
The black bear is severely wounded.
The black bear bites you! The black bear misses you.
The black bear claws you but does no damage.
The black bear bites you. The black bear barely misses you.
The black bear claws you.
You hit the black bear but do no damage.
The black bear is severely wounded.
The black bear bites you! The black bear claws you.
The black bear claws you but does no damage.
The black bear bites you!
* * * LOW HITPOINT WARNING * * *
The black bear barely misses you. The black bear claws you.
You die...

#.#.....#
####.#.....#
#..........# #
....##>#..........
.#
###.##†#.....##.##
#.# #.##.#####.#
###.# #.##.# #.#
..# #)...#
#.####h# ###.####
#....@# #.....#
##..###.# #.###.#
#...# #.# ..# #.#
#.#.# #.# #.###.#
#.#.# ... #..)..#
#.#.# #.# ##.##.#
#.#.##### .#
#.##.# #.#.....#
#.#
#.##.#####.#####.#
#.#


You could see a black bear (berserk).

Vanquished Creatures
  3 adders
  A worm (D:2)
  3 dart slugs
  6 ball pythons
  2 endoplasms
  2 giant cockroaches (D:3)
  3 goblins
  6 hobgoblins
  2 kobolds (D:3)
  3 quokkas
  6 bats
  2 frilled lizards
  4 rats
43 creatures vanquished.

Notes
Turn   | Place    | Note
-------+----------+-------------------------------------------
     0 | D:1      | bande the Gargoyle Fighter began the quest for the Orb.
     0 | D:1      | Reached XP level 1. HP: 14/14 MP: 1/1
   175 | D:1      | Reached XP level 2. HP: 19/19 MP: 2/2
   572 | D:1      | Learned a level 1 spell: Apportation
   681 | D:1      | Reached XP level 3. HP: 20/23 MP: 3/3
  1624 | D:2      | Found Qiskiwuh's Antique Weapon Shop.
  1636 | D:2      | Found a faded altar of an unknown god.
  1789 | D:2      | Reached skill level 1 in Translocations
  1821 | D:2      | Reached XP level 4. HP: 27/29 MP: 4/4
  2106 | D:3      | Found a snail-covered altar of Cheibriados.
  2296 | D:3      | Noticed a black bear
  2300 | D:3      | Slain by a black bear

Illustrated notes

Levels and vault maps discovered:
D:1:      dpeg_arrival_refuge, layout_basic
D:2:      layout_rooms, serial_shops, shop, basic_ecumenical_altar,
          item_on_display_b
D:3:      layout_loops_ring, mainiacjoe_overflow_tiny_flanked, dk_vineyard_2

Skill      XL: |  1  2  3 |
---------------+----------+-----
Axes           | 2 |  2.7
Translocations | 1 |  1.3
Fighting       | |  3.7
Armour         | |  3.6
Shields        | |  3.8

Action                   |  1- 3 |  4- 6 || total
-------------------------+-------+-------++-------
Melee: War axe           |   103 |    38 ||   141
  Use: Scroll            |     5 |     1 ||     6
Armor: Scale mail        |    63 |    23 ||    86
Dodge: Dodged            |    39 |    26 ||    65
Block: Buckler           |    23 |     6 ||    29

Table legend: (Time is in decaauts)
 A = Elapsed time spent in this place.
 B = Non-inter-level travel time spent in this place.
 C = Inter-level travel time spent in this place.
 D = Time resting spent in this place.
 E = Time spent auto-exploring this place.
 F = Levels seen in this place.
 G = Mean time per level.
                   A        B        C        D        E       F      G
               +--------+--------+--------+--------+--------+-----+--------+
         Total |   2355 |   2244 |    111 |    276 |   1532 |   3 |  785.0 |
       Dungeon |   2355 |   2244 |    111 |    276 |   1532 |   3 |  785.0 |
               +--------+--------+--------+--------+--------+-----+--------+

Top non-repeatable levels by time:
     D:1: 1149 daAuts
     D:2: 827 daAuts
     D:3: 378 daAuts
